 Dungeon Crawl Stone Soup version 0.23.2-1-ga50397a (webtiles) character file.

Game seed: 17269137481858065888

15771 schauveau the Severer (level 12, 0/168 HPs)
             Began as a Minotaur Berserker on May 3, 2019.
             Was the Champion of Trog.
             Slain by a skeletal warrior
             ... wielding a +0 battleaxe
             ... led by a skeletal warrior
              (11 damage)
             ... on level 13 of the Dungeon.
             The game lasted 00:21:19 (12727 turns).

schauveau the Severer (Minotaur Berserker)         Turns: 12727, Time: 00:21:20

Health: 0/168      AC: 19    Str: 30    XL:     12   Next: 4%
Magic:  11/11      EV:  9    Int:  4    God:    Trog [******]
Gold:   912        SH:  0    Dex: 15    Spells: 11/11 levels left

rFire    . . .     SeeInvis .   a - +2 executioner's axe (holy)
rCold    x . .     Gourm    .   (shield currently unavailable)
rNeg     + . .     Faith    +   E - +1 plate armour
rPois    +         Spirit   .   (helmet restricted)
rElec    .         Reflect  .   H - +0 cloak
rCorr    .         Harm     .   g - +0 pair of gloves
MR       .....                  (no boots)
Stlth    ..........             O - amulet "Tahi" {Faith +Blink rPois rC- Dex+3 Stlth+}
HPRegen  0.38/turn              F - ring of positive energy
MPRegen  0.12/turn              (no ring)

@: berserking, very quick
A: retaliatory headbutt, horns 2
a: Berserk, Trog's Hand, Brothers in Arms, Renounce Religion, Evoke Blink


You were on level 13 of the Dungeon.
You worshipped Trog.
Trog was exalted by your worship.
You were hungry.

You visited 1 branch of the dungeon, and saw 13 of its levels.
You also visited: Ossuary.

You collected 912 gold pieces.

Inventory:

Hand Weapons
 a - a +2 executioner's axe of holy wrath (weapon)
 u - a +2 longbow of flaming
 w - a +5 war axe of freezing
 I - a +0 dire flail
 R - a +6 antimagic great mace
 S - a cursed +4 battleaxe
Missiles
 e - 11 tomahawks (quivered)
 q - 330 arrows
 t - 8 curare-tipped needles
Armour
 g - a +0 pair of gloves (worn)
 E - a +1 plate armour (worn)
 H - a +0 cloak (worn)
Jewellery
 F - a ring of positive energy (left hand)
 M - an uncursed ring of poison resistance
 O - the amulet "Tahi" (around neck) {Faith +Blink rPois rC- Dex+3 Stlth+}
   (You found it on level 9 of the Dungeon)

   [amulet of faith]

   It allows you to gain divine favour quickly.
   It affects your dexterity (+3).
   It makes you vulnerable to cold.
   It protects you from poison.
   It lets you blink.
   It makes you more stealthy.
Wands
 j - a wand of polymorph (7)
 y - a wand of acid (11)
 D - a wand of iceblast (6)
 L - a wand of random effects (17)
 N - a wand of flame (36)
Scrolls
 b - a scroll of fog
 d - 5 scrolls of remove curse
 f - a scroll of enchant weapon
 l - 4 scrolls of immolation
 r - 3 scrolls of magic mapping
 s - 2 scrolls of enchant armour
 v - 3 scrolls of amnesia {unknown}
 C - a scroll of fear {unknown}
 G - 6 scrolls of teleportation
 Q - 2 scrolls of blinking {unknown}
Potions
 h - 2 potions of flight
 i - 2 potions of cancellation {unknown}
 k - a potion of berserk rage
 m - 2 potions of lignification
 n - a potion of magic {unknown}
 p - 2 potions of brilliance {unknown}
 x - 3 potions of agility
 z - 4 potions of haste {unknown}
 A - 2 potions of ambrosia {unknown}
 B - 3 potions of heal wounds
 J - 2 potions of curing
 K - a potion of experience {unknown}
 P - a potion of resistance {unknown}
Comestibles
 c - 28 rations


   Skills:
 + Level 12.1 Fighting
 * Level 16.0 Axes
 + Level 11.8 Armour
 - Level 2.2 Dodging


You had 11 spell levels left.
You didn't know any spells.
Your spell library was empty.

Dungeon Overview and Level Annotations

Branches:
Dungeon (13/15)            Temple (0/1) D:7            Lair (0/6) D:11
    Orc (0/2) D:11
 Vaults: D:13-14

Altars:
Ashenzari
Dithmenos
Fedhas
Hepliaklqana
Okawaru
Sif Muna
Trog
Wu Jian
Zin
The Shining One

Shops:
D:4 [   D:8 :

Annotations:
D:6 3 runed translucent doors, Flogoulo's ghost, novice HOMo; Kairos's ghost, novice FoAK; ThereIsNoGod's ghost, amateur DDFi; whitewolfNL's ghost, novice TrBe


Innate Abilities, Weirdness & Mutations

You reflexively headbutt those who attack you in melee.
You have a pair of horns on your head.


Message History

* * * LOW HITPOINT WARNING * * *
You slice the skeletal warrior!!
The skeletal warrior convulses!!
The skeletal warrior is almost destroyed.
The skeletal warrior hits you from afar with a +0 glaive!
* * * LOW HITPOINT WARNING * * *
You slice the skeletal warrior!!
You destroy the skeletal warrior!
Trog accepts your kill.
Your Axes skill increases to level 16!
You have reached level 12!
Your experience leads to an increase in your attributes!
Your base attributes are Str 24, Int 4, Dex 11.
Increase (S)trength, (I)ntelligence, or (D)exterity?
You feel stronger.
You feel agile.
Your plate armour prevents you from hitting the skeletal warrior.
You headbutt the skeletal warrior, but do no damage.
The skeletal warrior hits you from afar with a +0 glaive!
* * * LOW HITPOINT WARNING * * *
The skeletal warrior hits you with a +0 battleaxe!
You die...

#### ...# ####
..# #... ..#
#.## #.# #.#
#.#######
###.#
#.z......
..#.##
+z#######
#.#...
#@.######
#.#...
#.......##
#.#...
#.....#..#
#.#...
#.###.##.#
##'#... #..#
#.##.###......
.....
#.##..##......
......
#.###.##......
....... #.#
#..##'#+##
....
#.####.##.#.##


You could see 2 skeletal warriors.

Vanquished Creatures
  A two-headed ogre (D:12)
  A skeletal warrior (D:13)
  Pikel (D:4)
  2 cyclopes
  2 oklob plants (D:11)
  2 manticores (D:12)
  An ugly thing (D:12)
  Maurice (D:9)
  A meliai (D:12)
  3 hornets
  4 hippogriffs
  Sigmund (D:2)
  2 wyverns
  2 wraiths
  A vampire (D:10)
  3 hogs (D:7)
  A human (D:7)
  A yak (D:7)
  Menkaure (D:5)
  Edmund (D:4)
  Duvessa (D:5)
  An acid dragon (D:12)
  7 orc warriors
  2 sky beasts
  A slave (D:4)
  3 black bears
  2 ice beasts
  7 ogres
  11 centaurs
  A crocodile (D:8)
  2 big kobolds
  10 bullfrogs
  Blork the orc (D:4)
  2 wyvern zombies
  Dowan (D:5)
  A scorpion (D:10)
  5 killer bees (D:12)
  18 wights
  2 howler monkeys
  3 bullfrog zombies
  7 crimson imps
  A quasit (D:7)
  A human zombie (Ossuary)
  A jelly (D:8)
  4 orc priests
  4 hounds
  2 bullfrog skeletons
  4 centaur zombies
  17 orc wizards
  A centaur skeleton (D:12)
  4 iguanas
  14 worker ants
  A big kobold zombie (Ossuary)
  A hound zombie (D:5)
  4 mummies (Ossuary)
  4 worker ant zombies
  17 gnolls
  13 adders
  A howler monkey skeleton (D:11)
  5 shadow imps
  An ooze (D:4)
  3 adder skeletons
  A worm (D:2)
  3 dart slugs
  3 leopard geckos
  59 orcs
  7 giant cockroaches
  10 goblins
  8 hobgoblins
  12 jackals
  11 kobolds
  5 quokkas
  2 ball pythons
  9 bats
  7 frilled lizards
  2 goblin zombies (Ossuary)
  2 hobgoblin zombies (Ossuary)
  A kobold zombie (Ossuary)
  7 rats
  A plant (D:11)
373 creatures vanquished.

Vanquished Creatures (others)
  A slave (D:5)
  A centaur (D:5)
  2 orcs (D:5)
4 creatures vanquished.

Grand Total: 377 creatures vanquished

Notes
Turn   | Place    | Note
-------+----------+-------------------------------------------
     0 | D:1      | schauveau the Minotaur Berserker began the quest for the
                  | Orb.
     0 | D:1      | Reached XP level 1. HP: 19/19 MP: 0/0
     6 | D:1      | Noticed a swamp worm
     6 | D:1      | Noticed a polar bear
     7 | D:1      | Noticed a wyvern
     7 | D:1      | Noticed a water moccasin
    56 | D:1      | Reached skill level 4 in Axes
    63 | D:1      | Reached XP level 2. HP: 16/27 MP: 1/1
   504 | D:1      | Reached ** piety under Trog
   504 | D:1      | Reached XP level 3. HP: 23/33 MP: 2/2
   843 | D:2      | Noticed Sigmund
   851 | D:2      | Killed Sigmund
   851 | D:2      | Reached skill level 5 in Axes
   851 | D:2      | Reached XP level 4. HP: 41/41 MP: 3/3
   851 | D:2      | Reached XP level 5. HP: 47/47 MP: 4/4
  1072 | D:2      | Reached skill level 6 in Axes
  1092 | D:2      | Reached skill level 5 in Fighting
  1885 | D:3      | Reached XP level 6. HP: 56/56 MP: 5/5
  1911 | D:3      | Reached *** piety under Trog
  1929 | D:3      | Found a blossoming altar of Fedhas.
  2505 | D:4      | Noticed Blork the orc
  2510 | D:4      | Killed Blork the orc
  2538 | D:4      | Found a bloodstained altar of Trog.
  2574 | D:4      | Found Vyprogh's Antique Armour Boutique.
  2819 | D:5      | Entered Level 5 of the Dungeon
  2820 | D:5      | Noticed Dowan
  2820 | D:5      | Noticed a slave
  2866 | D:5      | Noticed Edmund
  2866 | D:5      | Noticed Duvessa
  2866 | D:5      | Noticed Pikel
  2866 | D:5      | Noticed a slave
  2866 | D:5      | Noticed a slave
  2866 | D:5      | Noticed a slave
  2877 | D:4      | Killed Edmund
  2877 | D:4      | Reached skill level 7 in Axes
  2877 | D:4      | Reached skill level 5 in Armour
  2877 | D:4      | Reached XP level 7. HP: 62/62 MP: 6/6
  3291 | D:4      | Killed Pikel
  3291 | D:4      | Reached skill level 8 in Axes
  3291 | D:4      | Reached XP level 8. HP: 66/71 MP: 7/7
  3421 | D:5      | Killed Duvessa
  3421 | D:5      | Reached skill level 9 in Axes
  3428 | D:5      | Killed Dowan
  3689 | D:5      | Reached **** piety under Trog
  3723 | D:5      | Noticed Menkaure
  3733 | D:5      | HP: 1/109 [Menkaure (12)]
  3734 | D:5      | Killed Menkaure
  4173 | D:5      | Found a shadowy altar of Dithmenos.
  4179 | D:5      | Reached skill level 10 in Axes
  4939 | D:6      | Reached XP level 9. HP: 78/81 MP: 8/8
  5151 | D:6      | Found a sand-covered staircase.
  5161 | Ossuary  | Entered an ossuary
  6061 | D:6      | Found a runed translucent gate.
  6061 | D:6      | Found a runed translucent gate.
  6061 | D:6      | Found a runed translucent gate.
  6061 | D:6      | Noticed whitewolfNL's ghost (novice TrBe)
  6062 | D:6      | Noticed Flogoulo's ghost (novice HOMo)
  6062 | D:6      | Noticed ThereIsNoGod's ghost (amateur DDFi)
  6062 | D:6      | Noticed Kairos's ghost (novice FoAK)
  6333 | D:7      | Found a glowing silver altar of Zin.
  6343 | D:7      | Found a staircase to the Ecumenical Temple.
  6383 | D:7      | Reached skill level 11 in Axes
  6432 | D:7      | Found an iron altar of Okawaru.
  6573 | D:7      | HP: 3/82 [wight/+0 flail (5)]
  7107 | D:7      | Reached skill level 12 in Axes
  7279 | D:8      | Reached ***** piety under Trog
  7305 | D:8      | Reached XP level 10. HP: 71/91 MP: 9/9
  7362 | D:8      | Found Sih Buptu's Book Shop.
  8118 | D:9      | Noticed Maurice
  8133 | D:9      | Killed Maurice
  8133 | D:9      | Reached skill level 13 in Axes
  8214 | D:9      | Found a shattered altar of Ashenzari.
  8239 | D:9      | Got a crude zirconium amulet
  8289 | D:9      | Paralysed by a hornet for 2 turns
  8293 | D:9      | Reached skill level 10 in Fighting
  8483 | D:9      | Found a deep blue altar of Sif Muna.
  8484 | D:9      | Found a hazy altar of Hepliaklqana.
  8485 | D:9      | Found an ornate altar of the Wu Jian Council.
  8516 | D:9      | Identified the amulet "Tahi" {Faith +Blink rPois rC- Dex+3
                  | Stlth+} (You found it on level 9 of the Dungeon)
  8751 | D:9      | Found a glowing golden altar of the Shining One.
  8884 | D:10     | Entered Level 10 of the Dungeon
  8964 | D:10     | Reached skill level 10 in Armour
  9025 | D:10     | Received a gift from Trog
  9553 | D:10     | Reached skill level 14 in Axes
  9659 | D:11     | Noticed an oklob plant
  9661 | D:11     | Found a staircase to the Lair.
  9705 | D:11     | Noticed an oklob plant
  9710 | D:11     | Killed an oklob plant
  9746 | D:11     | Reached XP level 11. HP: 48/101 MP: 10/10
 10022 | D:11     | Killed an oklob plant
 10169 | D:11     | Found a staircase to the Orcish Mines.
 10187 | D:11     | Reached ****** piety under Trog
 10285 | D:11     | Received a gift from Trog
 11206 | D:12     | Reached skill level 15 in Axes
 11459 | D:12     | Noticed a green ugly thing
 11468 | D:12     | Killed a green ugly thing
 11615 | D:12     | Received a gift from Trog
 11631 | D:12     | Noticed a two-headed ogre
 11639 | D:12     | Killed a two-headed ogre
 12715 | D:13     | Noticed a skeletal warrior
 12715 | D:13     | Noticed a skeletal warrior
 12715 | D:13     | Noticed a skeletal warrior
 12726 | D:13     | Killed a skeletal warrior
 12726 | D:13     | Reached skill level 16 in Axes
 12726 | D:13     | Reached XP level 12. HP: 27/112 MP: 11/11
 12727 | D:13     | Slain by a skeletal warrior

Skill      XL: |  1  2  3  4  5  6  7  8  9 10 11 |
---------------+----------------------------------+-----
Axes           | 4 5 6 7 8 10 12 14 16 | 16.0
Fighting       | 4 5 6 7 9 10 12 | 12.1
Armour         | 4 5 6 7 8 10 11 | 11.8
Dodging        | |  2.2

Action                   |  1- 3 |  4- 6 |  7- 9 | 10-12 || total
-------------------------+-------+-------+-------+-------++-------
Melee: Hand axe          |    59 |   122 |   279 |       ||   460
       Headbutt          |     5 |    22 |    65 |    78 ||   170
       War axe           |       |       |    37 |   341 ||   378
       Executioner's axe |       |       |       |    39 ||    39
Invok: Berserk           |     1 |     2 |     5 |     4 ||    12
  Use: Scroll            |       |       |    13 |     1 ||    14
       Potion            |       |       |     5 |     1 ||     6
  Eat: Chunk             |       |     5 |     7 |     9 ||    21
       Ration            |       |     1 |     4 |     3 ||     8
Armor: Animal skin       |     8 |       |       |       ||     8
       Ring mail         |    15 |    29 |       |       ||    44
       Scale mail        |       |    13 |       |       ||    13
       Chain mail        |       |       |    97 |       ||    97
       Plate armour      |       |       |    80 |   259 ||   339
Dodge: Dodged            |    46 |    63 |   150 |   162 ||   421
